 Dungeon Crawl Stone Soup version 0.31-a0-986-g5e6e4ef867 (webtiles) character file.

Game seed: 11163789797212737165

2065 GloriousHammer the Firebug (level 8, -5/59 HPs)
             Began as a Demigod Fire Elementalist on Nov 10, 2023.
             Slain by a gnoll bouda
             ... wielding a +0 club
              (10 damage)
             ... on level 7 of the Dungeon.
             The game lasted 00:15:58 (7880 turns).

GloriousHammer the Firebug (DgFE)                   Turns: 7880, Time: 00:15:58

Health: -5/59      AC:  3    Str:  9    XL:     8   Next: 76%
Magic:  5/21       EV: 13    Int: 21    God:
Gold:   265        SH:  0    Dex: 18    Spells: 1/19 levels left

rFire   + . .        t - +3 dagger (venom)
rCold   . . .        (no shield)
rNeg    . . .        a - +0 robe
rPois   .            (no helmet)
rElec   .            (no cloak)
rCorr   +            (no gloves)
SInv    .            o - +0 pair of boots
Will    .....        (no amulet)
Stlth   ++           F - ring of protection from fire
HPRegen 0.29/turn    R - ring of resist corrosion
MPRegen 0.17/turn

%: no passive effects
@: weakened, slowed, very slow
A: high MP 1, forlorn, divine attributes
a: no special abilities


You were on level 7 of the Dungeon.
You visited 1 branch of the dungeon, and saw 7 of its levels.
You also visited: Ossuary.

You collected 265 gold pieces.

Inventory:

Hand Weapons
 c - a +0 whip
 d - a +4 short sword
 f - a +0 sling
 n - a +0 long sword
 t - a +3 dagger of venom (weapon)
 A - a +0 great sword
Missiles
 l - 13 poisoned darts
 G - a throwing net
Armour
 a - a +0 robe (worn)
 o - a +0 pair of boots (worn)
Jewellery
 F - a ring of protection from fire (left hand)
 R - a ring of resist corrosion (right hand)
Talismans
 p - a blade talisman
Wands
 i - a wand of paralysis (8)
Scrolls
 r - 3 scrolls of poison
 s - a scroll of noise
 u - a scroll of enchant armour
 w - a scroll of amnesia
 x - 2 scrolls of summoning {unknown}
 y - a scroll of fog {unknown}
 z - a scroll of teleportation {unknown}
 C - a scroll of vulnerability {unknown}
Potions
 b - a potion of magic
 e - a potion of berserk rage {unknown}
 g - a potion of haste {unknown}
 h - 7 potions of heal wounds
 j - 2 potions of might {unknown}
 k - a potion of experience {unknown}
 m - a potion of brilliance {unknown}
 q - 2 potions of curing
 v - a potion of lignification {unknown}
 B - a potion of invisibility {unknown}
 D - 2 potions of degeneration {unknown}
 E - a potion of resistance {unknown}
 I - a potion of mutation {unknown}


   Skills:
 + Level 1.5 Fighting
 + Level 0.2 Long Blades
 + Level 2.4 Dodging
 + Level 2.5 Stealth
 + Level 6.2 Spellcasting
 + Level 3.4 Conjurations
 - Level 3.0 Translocations
 - Level 7.0 Fire Magic


You had one spell level left.
You knew the following spells:

 Your Spells              Type           Power      Damage    Failure   Level
a - Foxfire               Conj/Fire      100%       2x1d9     1%          1
b - Scorch                Fire           70%        2d7       1%          2
c - Volatile Blastmotes   Fire/Tloc      54%        2d14      3%          3
d - Inner Flame           Hex/Fire       21%        N/A       7%          3
e - Flame Wave            Conj/Fire      28%        2d9       11%         4
f - Passwall              Tmut/Erth      5%         N/A       14%         2
g - Swiftness             Air            6%         N/A       28%         3

Your spell library contained the following spells:

 Spells                   Type           Power      Damage    Failure   Level
 Kiss of Death            Conj/Necr      52%        2d9       4%          1
 Shock                    Conj/Air       52%        1d6       4%          1
 Sting                    Tmut/Pois      24%        1d4       10%         1
 Jinxbite                 Hex            12%        N/A       14%         2
 Confusing Touch          Hex            6%         N/A       28%         3
 Manifold Assault         Tloc           19%        N/A       28%         4
 Airstrike                Air            3%         2d(1-17)  67%         4
 Dispel Undead            Necr           6%         3d8       67%         4
 Borgnjor's Vile Clutch   Necr/Erth      3%         N/A       95%         5
 Silence                  Hex/Air        3%         N/A       95%         5
 Dispersal                Tloc           9%         N/A       99%         6
 Simulacrum               Ice/Necr       3%         N/A       100%        6
 Disjunction              Tloc           9%         N/A       100%        8
 Infestation              Necr           3%         N/A       100%        8


Dungeon Overview and Level Annotations

Branches:
Dungeon (7/15)             Temple (0/1) D:5         Ossuary (visited)


Innate Abilities, Weirdness & Mutations

You have an increased reservoir of magic. (+10% MP)
You shall have no god before yourself.
Your divine heritage dramatically boosts your attributes as you level up.


Message History

Casting: Foxfire (safe; 1% risk of failure)
Confirm with . or Enter, or press ? or * to list all spells.
You conjure some foxfire!
The foxfire hits the kobold brigand.
The kobold brigand is moderately wounded.
The kobold brigand throws a curare-tipped dart.
The curare-tipped dart hits you.
You are poisoned.
You have difficulty breathing.
You feel yourself slow down.
Casting: Foxfire (safe; 1% risk of failure)
Confirm with . or Enter, or press ? or * to list all spells.
You can't see any susceptible monsters within range! (Use Z to cast anyway.)
Casting: Foxfire (safe; 1% risk of failure)
Confirm with . or Enter, or press ? or * to list all spells.
You conjure some foxfire!
You feel sick.
The foxfire hits the kobold brigand!
The kobold brigand is heavily wounded.
A white imp comes into view.
The kobold brigand throws a curare-tipped dart.
The curare-tipped dart hits you.
You are more poisoned.
You have difficulty breathing.
You feel as though you will be slow longer.
The kobold brigand throws a curare-tipped dart.
The curare-tipped dart closely misses you.
The curare-tipped dart barely misses your foxfire.
An orc comes into view.
It is wielding a +2 short sword of venom.
Casting: Foxfire (safe; 1% risk of failure)
Confirm with . or Enter, or press ? or * to list all spells.
You conjure some foxfire!
The orc shouts!
You feel very sick.
You hear a shout!
Your foxfire dissipates!
Casting: Foxfire (safe; 1% risk of failure)
Confirm with . or Enter, or press ? or * to list all spells.
Flames lash the kobold brigand.
The kobold brigand is heavily wounded.
The kobold brigand's fire resistance burns away.
You feel very sick.
The foxfire hits the kobold brigand!
The kobold brigand is burned terribly!
The kobold brigand is almost dead.
Your foxfire dissipates!
The kobold brigand throws a curare-tipped dart.
The curare-tipped dart hits you.
You are more poisoned.
You have difficulty breathing.
You feel as though you will be slow longer.
Casting: Scorch (safe; 1% risk of failure)
Confirm with . or Enter, or press ? or * to list all spells.
Flames lash the kobold brigand.
The kobold brigand is almost dead.
You feel very sick.
The foxfire hits the kobold brigand.
The kobold brigand is burned terribly!
You kill the kobold brigand!
The white imp gestures at you. The puff of frost hits you!
Casting: Scorch (safe; 1% risk of failure)
Confirm with . or Enter, or press ? or * to list all spells.
Flames lash the orc.
You kill the orc!
You feel very sick.
Casting: Scorch (safe; 1% risk of failure)
Confirm with . or Enter, or press ? or * to list all spells.
Flames lash the white imp.
The white imp is burned terribly!
You kill the white imp!
You feel very sick.
Casting: Scorch (safe; 1% risk of failure)
Confirm with . or Enter, or press ? or * to list all spells.
You can't see any susceptible monsters within range! (Use Z to cast anyway.)
You feel sick.
You feel sick.
You feel sick.
You start resting.
You feel sick. x2
You are no longer poisoned.
You start resting.
A gnoll bouda comes into view. It is wielding a +0 club.
Casting: Scorch (safe; 1% risk of failure)
Confirm with . or Enter, or press ? or * to list all spells.
Flames lash the gnoll bouda.
The gnoll bouda is lightly wounded.
The gnoll bouda's fire resistance burns away.
Casting: Scorch (safe; 1% risk of failure)
Confirm with . or Enter, or press ? or * to list all spells.
Flames lash the gnoll bouda.
The gnoll bouda is lightly wounded.
The gnoll bouda gazes fiercely through you!
You feel your attacks grow feeble. The gnoll bouda barely misses you.
Casting: Scorch (safe; 1% risk of failure)
Confirm with . or Enter, or press ? or * to list all spells.
Flames lash the gnoll bouda.
The gnoll bouda is burned terribly!
The gnoll bouda is severely wounded.
The gnoll bouda hits you with a +0 club.
* * * LOW HITPOINT WARNING * * *
Casting: Scorch (safe; 1% risk of failure)
Confirm with . or Enter, or press ? or * to list all spells.
Flames lash the gnoll bouda but do no damage.
The gnoll bouda barely misses you.
The gnoll bouda hits you with a +0 club!
You die...

###.#.## #§# ###..
##.###.####### #.# #....
#.## ##..†).)########
##.## #.###
##.###.#####...))...#
#...###.## ###.#.##
########.# #........#
......# #.# #...###..#
..##..# #.# ##### #..##
#.##..# ####.#### #..#.
#.##..# #@......# #..#.
#.##... #g#####.# #..#.
#.##.### #######.# #
####..#. #.# .#
#.......# .##.....#. ...
.#
#.#.....................
#.?####)#######+#####.
#.# ).. #. ... ...# #.
### .(..# #.


You could see a gnoll bouda (combustible).

Vanquished Creatures
  Prince Ribbit (D:7)
  Sigmund (D:5)
  A wyvern (D:7)
  Edmund (D:5)
  A steam dragon (D:6)
  2 water moccasins
  An ogre (D:6)
  A kobold brigand (D:7)
  Blork the orc (D:6)
  2 scorpions (D:4)
  A howler monkey (D:4)
  A centaur zombie (Ossuary)
  A jelly (D:6)
  2 human zombies (Ossuary)
  2 hounds
  A sleepcap (D:5)
  An iguana (D:6)
  3 orc wizards (D:7)
  3 scorpion zombies (D:6)
  2 mummies (Ossuary)
  7 gnolls (D:7)
  3 howler monkey skeletons (D:6)
  8 adders
  3 white imps
  2 adder zombies (Ossuary)
  3 worms
  4 dart slugs
  12 orcs
  8 ball pythons
  5 endoplasms
  4 giant cockroaches
  6 goblins
  8 hobgoblins
  4 jackals (D:2)
  2 quokkas
  3 bats (D:2)
  A frilled lizard (D:2)
  3 goblin zombies (Ossuary)
  6 hobgoblin zombies (Ossuary)
  2 jackal zombies (Ossuary)
  8 kobolds
  9 kobold zombies (Ossuary)
  10 orc zombies (Ossuary)
  3 rats
  A rat zombie (Ossuary)
154 creatures vanquished.

Vanquished Creatures (others)
  187 foxfires
187 creatures vanquished.

Grand Total: 341 creatures vanquished

Notes
Turn   | Place    | Note
-------+----------+-------------------------------------------
     0 | D:1      | GloriousHammer the Demigod Fire Elementalist began the
                  | quest for the Orb.
     0 | D:1      | Reached XP level 1. HP: 14/14 MP: 5/5
    55 | D:1      | Reached skill level 1 in Conjurations
   318 | D:1      | Reached XP level 2. HP: 20/20 MP: 2/7
   439 | D:1      | Reached skill level 3 in Fire Magic
   507 | D:1      | Learned a level 2 spell: Scorch
  1096 | D:2      | Reached XP level 3. HP: 26/26 MP: 6/9
  1602 | D:2      | Reached XP level 4. HP: 33/33 MP: 5/10
  2300 | D:2      | Learned a level 3 spell: Volatile Blastmotes
  3089 | D:4      | Reached skill level 1 in Translocations
  3089 | D:4      | Reached XP level 5. HP: 23/38 MP: 7/12
  3201 | D:4      | Learned a level 3 spell: Inner Flame
  3664 | D:4      | Reached skill level 4 in Fire Magic
  3901 | D:4      | Reached XP level 6. HP: 19/45 MP: 10/14
  4140 | D:5      | Identified the of Sacecr Coos
  4140 | D:5      | Entered Level 5 of the Dungeon
  4309 | D:5      | Found a staircase to the Ecumenical Temple.
  4616 | D:5      | Noticed Edmund
  4620 | D:5      | Noticed Sigmund
  4642 | D:5      | Killed Sigmund
  4914 | D:6      | Identified the "Weomanih"
  4963 | D:6      | Noticed a water moccasin
  4968 | D:6      | Killed a water moccasin
  4969 | D:6      | Reached XP level 7. HP: 46/50 MP: 9/16
  5108 | D:6      | Noticed a steam dragon
  5113 | D:6      | Killed a steam dragon
  5114 | D:6      | Reached skill level 5 in Fire Magic
  5194 | D:6      | Found a sand-covered staircase.
  5215 | Ossuary  | Entered an ossuary
  5723 | Ossuary  | Reached skill level 5 in Spellcasting
  6227 | D:6      | Noticed Blork the orc
  6232 | D:6      | Killed Blork the orc
  6233 | D:6      | Reached skill level 6 in Fire Magic
  6233 | D:6      | Reached XP level 8. HP: 57/57 MP: 12/19
  6959 | D:5      | Killed Edmund
  7097 | D:7      | Noticed Prince Ribbit
  7114 | D:7      | Killed Prince Ribbit
  7124 | D:7      | Learned a level 4 spell: Flame Wave
  7127 | D:7      | Learned a level 2 spell: Passwall
  7131 | D:7      | Learned a level 3 spell: Swiftness
  7318 | D:7      | Reached skill level 1 in Fighting
  7674 | D:7      | Reached skill level 7 in Fire Magic
  7880 | D:7      | Slain by a gnoll bouda

Illustrated notes

Levels and vault maps discovered:
D:1:      evilmike_arrival_hilbert_curve, layout_basic
D:2:      layout_loops_corners
D:3:      layout_basic
D:4:      layout_basic, lemuel_coloured_pillars_altar
D:5:      layout_rooms, mainiacjoe_overflow_catwalk, temple_statues,
          sigmund_edmund_badplayer
D:6:      layout_basic, nicolae_overflow_hidden_temple, serial_aquarium,
          aquarium_bridge_square [aquarium_subvault_bridge,
          aquarium_subvault_bridge, aquarium_subvault_wall,
          aquarium_subvault_bridge], aquarium_bridge_island_small
          [aquarium_subvault_small_water, aquarium_subvault_bridge,
          aquarium_subvault_window, aquarium_subvault_bridge,
          aquarium_subvault_wall], aquarium_window_1,
          aquarium_window_corridor_2, aquarium_window_1, aquarium_window_corner,
          aquarium_view_2e, aquarium_view_2e,
          mainiacjoe_ossuary_entry_find_the_door, lightli_orcish_oven,
          uniq_blork_the_orc
D:7:      layout_loops_ring, kennysheep_little_box, minmay_misc_feat_five,
          minmay_quadrilaterals, uniq_prince_ribbit1

Skill      XL: |  1  2  3  4  5  6  7  8 |
---------------+-------------------------+-----
Conjurations   | 1 2 3 |  3.4
Spellcasting   | 2 3 4 5 6 |  6.2
Fire Magic     | 3 4 6 7 |  7.0
Translocations | 1 3 |  3.0
Dodging        | 2 |  2.4
Stealth        | 2 |  2.5
Fighting       | 1 |  1.5
Long Blades    | |  0.2

Action                     |  1- 3 |  4- 6 |  7- 9 || total
---------------------------+-------+-------+-------++-------
  Melee: Unarmed           |     5 |       |       ||     5
         Short sword       |    17 |     5 |    48 ||    70
         Punch             |     1 |       |     1 ||     2
         Whip              |     1 |       |       ||     1
         Dagger            |       |    13 |    16 ||    29
   Cast: Foxfire           |    40 |    29 |    50 ||   119
         Scorch            |    18 |    40 |    84 ||   142
         Inner Flame       |       |     4 |     8 ||    12
         Volatile Blastmot |       |       |     1 ||     1
    Use: Scroll            |       |       |     8 ||     8
 Armour: Robe              |    17 |    23 |    67 ||   107
  Dodge: Dodged            |    21 |    18 |    50 ||    89

Table legend: (Time is in decaauts)
 A = Elapsed time spent in this place.
 B = Non-inter-level travel time spent in this place.
 C = Inter-level travel time spent in this place.
 D = Time resting spent in this place.
 E = Time spent auto-exploring this place.
 F = Levels seen in this place.
 G = Mean time per level.
                   A        B        C        D        E       F      G
               +--------+--------+--------+--------+--------+-----+--------+
         Total |   7883 |   7548 |    335 |    641 |   5404 |   8 |  985.4 |
       Dungeon |   7166 |   6831 |    335 |    352 |   5211 |   7 | 1023.7 |
       Ossuary |    717 |    717 |      0 |    289 |    193 |   1 |  717.0 |
               +--------+--------+--------+--------+--------+-----+--------+

Top non-repeatable levels by time:
     D:2: 1328 daAuts
     D:6: 1299 daAuts
     D:4: 1148 daAuts
     D:1: 972 daAuts
     D:5: 915 daAuts
     D:7: 813 daAuts
 Ossuary: 717 daAuts
     D:3: 688 daAuts
